 Dungeon Crawl Stone Soup version 0.19.1 (webtiles) character file.

4637 Patate the Covert (level 10, -17/44 HPs)
             Began as a Spriggan Enchanter on Nov 24, 2016.
             Was a Priest of Dithmenos.
             Demolished by an orc knight
             ... wielding a +0 war axe
              (33 damage)
             ... in a bailey on Nov 26, 2016.
             The game lasted 01:18:58 (17213 turns).

Patate the Covert (Spriggan Enchanter)             Turns: 17213, Time: 01:18:59

Health: -17/44     AC:  2    Str:  5    XL:     10   Next: 20%
Magic:  15/21      EV: 31    Int: 17    God:    Dithmenos [***...]
Gold:   69         SH:  0    Dex: 21    Spells: 4 memorised, 14 levels left

rFire  + . .     SeeInvis +     a - +1 dagger
rCold  + . .     Gourm    .     o - +0 robe {rF+}
rNeg   . . .     Faith    .     (shield restricted)
rPois  +         Spirit   .     (helmet restricted)
rElec  .         Reflect  .     (no cloak)
rCorr  .         Harm     .     (gloves unavailable)
MR     +....                    (boots unavailable)
Stlth  +++++++...               (no amulet)
                                d - ring of Pyromania {Wiz rPois rC+ Dex+2}
                                i - +3 ring of evasion

@: marked, wreathed by umbra, very quick
A: unfitting armour, see invisible, herbivore 3, speed 3, slow metabolism 2
a: Shadow Step, Renounce Religion


You were in a bailey.
You worshipped Dithmenos.
Dithmenos was most pleased with you.
You were very hungry.

You visited 2 branches of the dungeon, and saw 11 of its levels.
You also visited: Bailey.

You collected 505 gold pieces.
You spent 436 gold pieces at shops.

Inventory:

Hand Weapons
 a - a +1 dagger (weapon)
 b - a +0 blowgun
Missiles
 r - 24 poisoned needles
Armour
 o - a +0 robe of fire resistance (worn)
Jewellery
 d - the ring of Pyromania (right hand) {Wiz rPois rC+ Dex+2}
   (You bought it in a shop on level 4 of the Dungeon)

   [ring of wizardry]

   It improves your spell success rate.
   It affects your dexterity (+2).
   It protects you from cold.
   It protects you from poison.
 h - an uncursed ring of resist corrosion
 i - a +3 ring of evasion (left hand)
Wands
 y - a wand of paralysis (9/24)
 A - a wand of heal wounds (3/9)
 B - a wand of iceblast (8/15)
Scrolls
 j - 2 scrolls of recharging
 k - 4 scrolls of teleportation
 m - 3 scrolls of enchant weapon
 q - a scroll of fog
 s - 2 scrolls of immolation {unknown}
 u - 3 scrolls of identify
 x - a scroll of blinking
 D - a scroll of noise {unknown}
 E - a scroll of amnesia
Potions
 e - 2 potions of flight
 f - 5 potions of haste
 g - 3 potions of brilliance
 p - a potion of berserk rage
 t - a potion of curing
 v - a potion of magic
 F - a potion of invisibility {unknown}
Books
 c - a book of Maledictions

   Spells                             Type                      Level
   a - Corona                         Hexes                        1
   b - Ensorcelled Hibernation        Hexes/Ice                    2
   c - Confuse                        Hexes                        3
   d - Tukima's Dance                 Hexes                        3
   e - Dazzling Spray                 Conjuration/Hexes            3
 z - a book of Changes

   Spells                             Type                      Level
   a - Beastly Appendage              Transmutation                1
   b - Sticks to Snakes               Transmutation                2
   c - Spider Form                    Transmutation/Poison         3
   d - Ice Form                       Ice/Transmutation            4
   e - Blade Hands                    Transmutation                5
 C - a book of Minor Magic

   Spells                             Type                      Level
   a - Magic Dart                     Conjuration                  1
   b - Blink                          Translocation                2
   c - Call Imp                       Summoning                    2
   d - Repel Missiles                 Charms/Air                   2
   e - Slow                           Hexes                        2
   f - Conjure Flame                  Conjuration/Fire             3
   g - Mephitic Cloud                 Conjuration/Poison/Air       3
Comestibles
 w - 5 bread rations


   Skills:
 - Level 8.9 Short Blades
 - Level 10.2 Dodging
 + Level 11.6 Stealth
 - Level 6.7 Spellcasting
 - Level 7.9 Hexes


You had 14 spell levels left.
You knew the following spells:

 Your Spells              Type           Power        Failure   Level  Hunger
a - Corona                Hex            ####...      1%          1    None
b - Confuse               Hex            ####....     1%          3    ##.....
c - Ensorcelled Hibernat  Hex/Ice        ###...       1%          2    None
d - Blink                 Tloc           N/A          9%          2    None


Dungeon Overview and Level Annotations

Branches:
Dungeon (10/15)            Temple (1/1) D:4
   Lair: D:8-11         Orc: D:9-12

Altars:
Ashenzari
Cheibriados
Dithmenos
Elyvilon
Fedhas
Gozag
Hepliaklqana
Kikubaaqudgha
Makhleb
Nemelex Xobeh
Okawaru
Qazlal
Ru
Sif Muna
Trog
Uskayaw
Vehumet
Xom
Yredelemnul
Zin
The Shining One

Shops:
D:4 *   D:6 :

Annotations:
D:5 Undertaker's ghost, novice DsBe


Innate Abilities, Weirdness & Mutations

You are very small and have problems with some larger weapons.
You are too small for most types of armour.
You have supernaturally acute eyesight. (SInv)
You are a herbivore.
You cover ground extremely quickly.
You need consume almost no food.


Message History

Press: ? - help, Shift-Dir - straight line, f/p - orc knight
Aim: an orc knight, wielding a war axe and wearing a plate armour (umbra, chance to defeat MR: 32%)
The orc knight looks drowsy...
The orc knight roars a battlecry!
The orc knight shouts!
The orc knight goes into a battle-frenzy!
A kobold comes into view.
Casting: Ensorcelled Hibernation
Confirm with . or Enter, or press ? or * to list all spells.
Aiming: Ensorcelled Hibernation
Press: ? - help, Shift-Dir - straight line, f - orc warrior, p - orc knight
Aim: an orc warrior, wielding a hand axe and wearing a ring mail (unusually strong, umbra, chance to defeat MR: 50%)
The orc knight is unaffected.
The orc knight hits you with a war axe!!
Ouch! That really hurt!
You emit a cloud of dark smoke.
The orc knight roars a battlecry!
The orc knight hits you with a war axe!!
Ouch! That really hurt!
You die...

#...K≈(≈K...#
#'###≈K≈###'#
#....≈o≈....#
#'###≈(≈###'#
#....≈(≈K..^#
#'###≈g≈###'#
#....≈o≈....#
######o######
▓§@§▓ ▓§§§▓
▓.∩.▓ ▓▓▓▓▓


You could see 2 orc knights, an orc warrior, a goblin and 2 kobolds.

Vanquished Creatures
  Joseph (D:7)
  2 rust devils (D:8)
  A hornet (D:9)
  Prince Ribbit (D:7)
  A spriggan (D:7)
  Sigmund (D:2)
  2 hungry ghosts
  Menkaure (D:7)
  A phantom (D:8)
  A sky beast (D:9)
  4 orc warriors
  3 ogres
  2 centaurs (D:9)
  3 bullfrogs
  A water moccasin zombie (D:7)
  A scorpion (D:7)
  A bullfrog zombie (D:7)
  2 howler monkeys
  2 crimson imps
  2 hounds
  4 bullfrog skeletons
  7 orc priests
  2 jellies
  6 worker ants
  2 iguanas (D:4)
  7 orc wizards
  4 gnolls (D:4)
  A howler monkey skeleton (D:4)
  11 adders
  3 oozes
  3 adder skeletons
  A worm (D:1)
  2 dart slugs (D:1)
  6 leopard geckos
  37 orcs
  A ball python (D:4)
  10 giant cockroaches
  11 goblins
  10 hobgoblins
  18 jackals
  10 kobolds
  8 quokkas
  10 bats
  8 frilled lizards
  2 quokka skeletons
  10 rats
227 creatures vanquished.

Vanquished Creatures (collateral kills)
  A gnoll (D:5)
1 creature vanquished.

Grand Total: 228 creatures vanquished

Notes
Turn   | Place    | Note
-------+----------+-------------------------------------------
     0 | D:1      | Patate the Spriggan Enchanter began the quest for the Orb.
     0 | D:1      | Reached XP level 1. HP: 9/9 MP: 5/5
   468 | D:1      | Reached XP level 2. HP: 7/13 MP: 4/6
   761 | D:1      | Reached skill level 5 in Stealth
  1148 | D:2      | Found a faded altar of an unknown god.
  1664 | D:2      | Reached XP level 3. HP: 16/16 MP: 8/8
  1863 | D:2      | Noticed Sigmund
  1876 | D:2      | Killed Sigmund
  1876 | D:2      | Reached skill level 7 in Stealth
  1876 | D:2      | Reached XP level 4. HP: 17/21 MP: 6/10
  1876 | D:2      | Reached XP level 5. HP: 20/24 MP: 6/11
  2690 | D:1      | Learned a level 3 spell: Confuse
  2952 | D:3      | Reached skill level 5 in Hexes
  3000 | D:2      | Reached skill level 8 in Stealth
  4237 | D:3      | You fall through a shaft for 3 floors!
  4245 | D:6      | Found Emolud's Book Emporium.
  4249 | D:5      | Entered Level 5 of the Dungeon
  4282 | D:4      | Reached XP level 6. HP: 14/28 MP: 6/13
  4489 | D:4      | Found a staircase to the Ecumenical Temple.
  4512 | Temple   | Entered the Ecumenical Temple
  4719 | Temple   | Became a worshipper of Dithmenos the Shadowed
  5960 | D:3      | Reached skill level 9 in Stealth
  6880 | D:4      | Found Korphofec's Assorted Antiques.
  6886 | D:4      | Bought an ancient lead ring for 115 gold pieces
  6886 | D:4      | Bought 2 white potions for 41 gold pieces
  6887 | D:4      | Identified the ring of Pyromania {Wiz rPois rC+ Dex+2} (You bought it in a shop on level 4 of the Dungeon)
  6962 | D:4      | Reached * piety under Dithmenos
  7576 | D:4      | Reached skill level 5 in Spellcasting
  7576 | D:4      | Reached XP level 7. HP: 32/32 MP: 15/15
  7773 | D:5      | Noticed Undertaker's ghost (novice DsBe)
  7802 | D:5      | Found a shattered altar of Ashenzari.
 10884 | D:6      | Reached XP level 8. HP: 32/36 MP: 19/19
 11181 | D:6      | Learned a level 2 spell: Ensorcelled Hibernation
 11255 | D:6      | Reached ** piety under Dithmenos
 11869 | D:7      | Noticed Prince Ribbit
 11876 | D:7      | Killed Prince Ribbit
 11876 | D:7      | Reached skill level 5 in Dodging
 11892 | D:7      | Noticed Joseph
 11902 | D:7      | Killed Joseph
 12121 | D:7      | Reached skill level 5 in Short Blades
 12611 | D:7      | Reached XP level 9. HP: 39/39 MP: 15/20
 12632 | D:7      | Noticed Menkaure
 12644 | D:7      | Killed Menkaure
 13908 | D:7      | Noticed a rust devil
 13908 | D:7      | Noticed a rust devil
 13938 | D:8      | Killed a rust devil
 14747 | D:8      | Killed a rust devil
 14951 | D:8      | Found a hide-covered altar of Uskayaw.
 14994 | D:8      | Reached skill level 10 in Dodging
 15038 | D:8      | Reached *** piety under Dithmenos
 15468 | D:8      | Found a basalt altar of Yredelemnul.
 15529 | D:8      | Found a white marble altar of Elyvilon.
 15857 | D:6      | Bought a book of Minor Magic for 280 gold pieces
 15860 | D:6      | Learned a level 2 spell: Blink
 16162 | D:9      | Reached XP level 10. HP: 39/44 MP: 17/21
 16258 | D:9      | Reached skill level 10 in Stealth
 16624 | D:9      | Reached skill level 11 in Stealth
 16963 | D:10     | Entered Level 10 of the Dungeon
 17044 | D:10     | Got a warped quarterstaff
 17045 | D:10     | Identified the cursed +0 quarterstaff "Impslayer" {drain, +Blink rF- Dex+4} (You found it on level 10 of the Dungeon)
 17080 | D:10     | Found a flagged portal.
 17101 | Bailey   | Entered a bailey
 17204 | Bailey   | Noticed an orc knight
 17211 | Bailey   | Noticed an orc knight
 17213 | Bailey   | Demolished by an orc knight

Skill      XL: |  1  2  3  4  5  6  7  8  9 10 |
---------------+-------------------------------+-----
Spellcasting   | 3 4 5 6 |  6.7
Stealth        | 5 7 8 9 11 | 11.6
Hexes          | 4 5 6 7 |  7.9
Dodging        | 8 10 | 10.2
Short Blades   | 5 8 |  8.9

Action                   |  1- 3 |  4- 6 |  7- 9 | 10-12 || total
-------------------------+-------+-------+-------+-------++-------
Melee: Dagger            |   151 |   594 |   728 |    93 ||  1566
 Cast: Corona            |    22 |    49 |    12 |       ||    83
       Confuse           |       |    23 |    53 |     2 ||    78
       Ensorcelled Hiber |       |       |    38 |     5 ||    43
       Blink             |       |       |     1 |     1 ||     2
Invok: Shadow Step       |       |       |     1 |       ||     1
  Use: Scroll            |     8 |     2 |     6 |     1 ||    17
       Potion            |     1 |     3 |       |       ||     4
 Stab: Sleeping          |     4 |    11 |    35 |     9 ||    59
       Distracted        |     1 |     2 |     2 |       ||     5
       Confused          |       |     8 |    25 |     1 ||    34
  Eat: Fruit             |       |     2 |     3 |       ||     5
       Bread ration      |       |     1 |     1 |       ||     2
       Pizza             |       |     1 |       |       ||     1
Armor: Robe              |    17 |    39 |    11 |     2 ||    69
Dodge: Dodged            |   139 |   553 |   514 |   108 ||  1314
